 Dungeon Crawl Stone Soup version 0.16-a0-3472-g5ce0ac0 (console) character file.

5206 MrRokkomies the Carver (level 10, -20/72 HPs)
             Began as a High Elf Skald on Jan 3, 2015.
             Was a Priest of Okawaru.
             Demolished by an orc knight
             ... wielding a +0 halberd
              (26 damage)
             ... in a bailey.
             The game lasted 00:42:41 (8689 turns).

MrRokkomies the Carver (High Elf Skald)             Turns: 8689, Time: 00:42:42

Health: -20/72     AC: 15    Str: 17    XL:     10   Next: 35%
Magic:  19/21      EV: 16    Int: 17    God:    Okawaru [***...]
Gold:   289        SH:  0    Dex: 22    Spells: 6 memorised, 1 level left

rFire  . . .     SeeInvis .     a - +1 long sword (protect)
rCold  . . .     Clarity  .     s - +0 ring mail (curse)
rNeg   . . .     SustAb   +     (no shield)
rPois  +         Gourm    .     h - +0 helmet of Gravity {Slay+5}
rElec  .         Spirit   .     E - +2 cloak {rPois}
rCorr  .         Warding  .     (no gloves)
rMut   .         Stasis   .     v - +0 pair of boots
MR     +....                    (no amulet)
Stlth  ++........               K - ring of wizardry
                                e - ring of sustain abilities

@: mighty, agile, exhausted, infused, slowed, very slow, somewhat resistant to
hostile enchantments, unstealthy
A: no striking features
a: Heroism, Renounce Religion


You were in a bailey.
You worshipped Okawaru.
Okawaru was most pleased with you.
You were hungry.

You visited 2 branches of the dungeon, and saw 10 of its levels.
You also visited: Bailey.

You collected 549 gold pieces.
You spent 260 gold pieces at shops.

Inventory:

Hand weapons
 a - a +1 long sword of protection (weapon)
 b - a +0 shortbow
 G - a +0 scimitar
Missiles
 l - 49 poisoned needles
 o - 23 stones (quivered)
 r - 14 arrows of dispersal
 x - 87 arrows
 z - 17 arrows of flame
 H - a throwing net
 Q - 6 curare-tipped needles
Armour
 h - the +0 helmet of Gravity (worn) {Slay+5}
   (You took it off Robin on level 2 of the Dungeon)

   It affects your accuracy and damage with ranged weapons and melee attacks
   (+5).
 s - a cursed +0 ring mail (worn)
 v - a +0 pair of boots (worn)
 E - a +2 cloak of poison resistance (worn)
Jewellery
 e - a ring of sustain abilities (left hand)
 K - a ring of wizardry (right hand)
 N - an uncursed amulet of stasis
Magical devices
 q - a wand of disintegration (10)
 w - a wand of heal wounds (4)
 C - a wand of random effects (29)
 F - a wand of slowing (6)
Scrolls
 m - 2 scrolls of fog
 p - a scroll of recharging
 y - 2 scrolls of teleportation
 B - 5 scrolls of remove curse
 P - a scroll of blinking
Potions
 f - a potion of mutation
 i - a potion of lignification
 j - a potion of beneficial mutation {unknown}
 k - 11 potions of curing
 n - 2 potions of heal wounds
 t - a potion of agility
 D - a potion of haste {unknown}
 I - a potion of poison {unknown}
 M - a potion of brilliance {unknown}
 O - a potion of ambrosia {unknown}
 S - a potion of cure mutation {unknown}
 U - a potion of might
Books
 c - a book of Battle

   Spells                             Type                      Level
   a - Infusion                       Charms                       1
   b - Shroud of Golubria             Charms/Translocation         2
   c - Song of Slaying                Charms                       2
   d - Spectral Weapon                Hexes/Charms                 3
   e - Regeneration                   Charms/Necromancy            3
 u - a book of Beasts

   Spells                             Type                      Level
   a - Summon Butterflies             Summoning                    1
   b - Call Canine Familiar           Summoning                    3
   c - Summon Ice Beast               Ice/Summoning                4
   d - Summon Mana Viper              Hexes/Summoning              5
   e - Monstrous Menagerie            Summoning                    6
   f - Summon Hydra                   Summoning                    7
 R - a book of Minor Magic

   Spells                             Type                      Level
   a - Magic Dart                     Conjuration                  1
   b - Blink                          Translocation                2
   c - Call Imp                       Summoning                    2
   d - Repel Missiles                 Charms/Air                   2
   e - Slow                           Hexes                        2
   f - Conjure Flame                  Conjuration/Fire             3
   g - Mephitic Cloud                 Conjuration/Poison/Air       3
Comestibles
 d - 4 bread rations
 A - 2 meat rations
 J - a slice of pizza


   Skills:
 - Level 8.1 Fighting
 * Level 12.6 Long Blades
 * Level 9.4 Bows
 - Level 0.8 Armour
 - Level 1.1 Dodging
 - Level 2.4 Spellcasting
 - Level 5.0 Charms


You had one spell level left.
You knew the following spells:

 Your Spells              Type           Power        Failure   Level  Hunger
a - Infusion              Chrm           ###...       1%          1    #......
b - Shroud of Golubria    Chrm/Tloc      ##........   4%          2    ##.....
c - Spectral Weapon       Hex/Chrm       ##......     10%         3    ###....
d - Regeneration          Chrm/Necr      ##........   10%         3    ###....
e - Summon Butterflies    Summ           #.......     9%          1    #......
f - Blink                 Tloc           N/A          14%         2    ##.....


Dungeon Overview and Level Annotations

Branches:
Dungeon (9/15)             Temple (1/1) D:7             Orc (0/4) D:9
   Lair: D:8-11

Altars:
Ashenzari
Cheibriados
Dithmenos
Elyvilon
Fedhas
Gozag
Kikubaaqudgha
Makhleb
Nemelex Xobeh
Okawaru
Qazlal
Ru
Sif Muna
Trog
Vehumet
Xom
Yredelemnul
Zin
The Shining One

Shops:
D:9 *


Message History

You barely miss the orc knight.
The orc knight is lightly wounded.
The orc knight hits you but does no damage.
You hit the orc knight.
The orc knight is lightly wounded.
The orc knight hits you with a halberd!
* * * LOW HITPOINT WARNING * * *
The orc knight hits you from afar with a glaive!
* * * LOW HITPOINT WARNING * * *
You are too injured to fight recklessly!
You are too injured to fight recklessly!
You are too injured to fight recklessly!
You are too injured to fight recklessly!
You feel a strong urge to attack something.
You are no longer berserk.
You are exhausted.
You feel yourself slow down.
You are feeling hungry.
The orc knight hits you from afar with a halberd!!
You die...

####### ####### #####
#...).#########.....###.....
)......#.....#.......'......
)......'.....'.......).......
[))....'.....'..@.oo.'.......
)).....'.....'....o..'.......
.......#.....#.......'......
#.....#########.....###.....
####### ####### #####


You could see 3 orc knights.

Vanquished Creatures
  An orc knight (Bailey)
  The ghost of Charly the Eclecticist, an experienced DEWz (D:9)
  Grinder (D:6)
  3 hippogriffs
  A steam dragon (D:8)
  A wyvern (D:9)
  Edmund (D:8)
  3 wargs (D:9)
  A sky beast (D:6)
  A black bear (D:7)
  7 orc warriors
  2 ogres (D:8)
  2 giant frogs
  3 centaurs
  The ghost of Charly the Magician, an average DEWz (D:6)
  2 scorpions (D:9)
  6 crimson imps
  A jelly (D:9)
  Crazy Yiuf (D:6)
  3 orc priests
  2 centaur skeletons
  5 hounds
  4 iguanas
  A quasit (D:9)
  4 giant frog skeletons
  7 worker ants
  A killer bee zombie (D:9)
  Ijyb (D:7)
  4 hound skeletons
  Robin (D:2)
  4 gnolls (D:5)
  15 adders
  A giant mite (D:5)
  3 shadow imps
  A worm (D:3)
  4 adder skeletons
  3 giant geckos
  2 oozes
  45 orcs
  2 ball pythons
  6 giant cockroaches
  19 goblins
  17 hobgoblins
  11 jackals
  16 kobolds
  3 quokkas
  25 bats
  3 giant newts
  A quokka skeleton (D:6)
  A quokka zombie (D:8)
  17 rats
  2 ballistomycetes (D:6)
273 creatures vanquished.

Vanquished Creatures (others)
  A giant spore (D:6)
  A goblin (D:2)
2 creatures vanquished.

Grand Total: 275 creatures vanquished

Notes
Turn   | Place    | Note
--------------------------------------------------------------
     0 | D:1      | MrRokkomies, the High Elf Skald, began the quest for the Orb.
     0 | D:1      | Reached XP level 1. HP: 14/14 MP: 4/4
   194 | D:1      | Reached XP level 2. HP: 13/20 MP: 6/6
   198 | D:1      | Learned a level 2 spell: Shroud of Golubria
   852 | D:2      | Noticed Robin
  1107 | D:1      | Reached XP level 3. HP: 25/25 MP: 6/8
  1169 | D:2      | Killed Robin
  1173 | D:2      | Got a spiked helmet
  1179 | D:2      | Identified the +0 helmet of Gravity {Slay+5} (You took it off Robin on level 2 of the Dungeon)
  1324 | D:2      | Reached XP level 4. HP: 29/31 MP: 9/11
  1402 | D:2      | Reached skill level 4 in Long Blades
  1693 | D:2      | Learned a level 3 spell: Spectral Weapon
  1868 | D:3      | Reached XP level 5. HP: 28/37 MP: 3/12
  2456 | D:4      | Reached skill level 5 in Long Blades
  2824 | D:4      | Reached XP level 6. HP: 35/44 MP: 13/15
  2969 | D:4      | Reached skill level 5 in Fighting
  2987 | D:4      | Reached skill level 6 in Long Blades
  3186 | D:5      | Entered Level 5 of the Dungeon
  3677 | D:5      | Reached XP level 7. HP: 47/50 MP: 15/17
  3777 | D:5      | Reached skill level 7 in Long Blades
  4200 | D:6      | Noticed Grinder
  4210 | D:6      | Killed Grinder
  4339 | D:6      | Reached skill level 8 in Long Blades
  4492 | D:6      | Reached XP level 8. HP: 58/58 MP: 14/18
  4550 | D:6      | Learned a level 3 spell: Regeneration
  4722 | D:6      | Noticed Crazy Yiuf
  4730 | D:6      | Killed Crazy Yiuf
  4927 | D:6      | Noticed Charly's ghost (average DEWz)
  4941 | D:6      | Killed Charly's ghost
  5056 | D:6      | Reached skill level 9 in Long Blades
  5159 | D:7      | Found a staircase to the Ecumenical Temple.
  5165 | D:7      | Noticed Ijyb
  5178 | D:7      | Killed Ijyb
  5308 | Temple   | Entered the Ecumenical Temple
  5335 | Temple   | Became a worshipper of Warmaster Okawaru
  5492 | D:7      | Learned a level 1 spell: Summon Butterflies
  5565 | D:7      | Found a blossoming altar of Fedhas.
  5583 | D:7      | Found a snail-covered altar of Cheibriados.
  5609 | D:7      | Found a shattered altar of Ashenzari.
  5822 | D:7      | Reached skill level 1 in Bows
  5968 | D:7      | Reached skill level 10 in Long Blades
  6193 | D:8      | Found a bloodstained altar of Trog.
  6269 | D:8      | Reached XP level 9. HP: 66/66 MP: 17/20
  6394 | D:8      | Acquired Okawaru's first power
  6754 | D:8      | Noticed Edmund
  6783 | D:8      | Killed Edmund
  6783 | D:8      | Reached skill level 5 in Bows
  7120 | D:9      | Reached skill level 5 in Charms
  7134 | D:9      | Found a staircase to the Orcish Mines.
  7143 | D:9      | Reached skill level 11 in Long Blades
  7259 | D:9      | Noticed Charly's ghost (experienced DEWz)
  7268 | D:9      | Found Puoggosk's General Store.
  7288 | D:9      | Killed Charly's ghost
  7301 | D:9      | Bought a book of Minor Magic for 260 gold pieces
  7304 | D:9      | Learned a level 2 spell: Blink
  7558 | D:9      | Reached XP level 10. HP: 72/72 MP: 21/21
  7665 | D:9      | Reached skill level 12 in Long Blades
  7686 | D:9      | Found a flagged portal.
  7702 | Bailey   | Entered a bailey
  8664 | Bailey   | Noticed an orc knight
  8664 | Bailey   | Noticed an orc knight
  8671 | Bailey   | Noticed an orc knight
  8671 | Bailey   | Noticed an orc knight
  8679 | Bailey   | Killed an orc knight
  8689 | Bailey   | Demolished by an orc knight

Action                   |  1- 3 |  4- 6 |  7- 9 | 10-12 || total
-------------------------+-------+-------+-------+-------++-------
Melee: Falchion          |   137 |   219 |    47 |       ||   403
       Long sword        |       |       |   346 |   107 ||   453
 Fire: Shortbow          |       |       |       |    18 ||    18
Throw: Stone             |       |       |     1 |       ||     1
 Cast: Infusion          |     5 |     4 |    10 |     4 ||    23
       Shroud of Golubri |     8 |    12 |    25 |     9 ||    54
Invok: Heroism           |       |       |       |     2 ||     2
  Use: Scroll            |     4 |     6 |    10 |     1 ||    21
       Potion            |       |       |     1 |     9 ||    10
  Eat: Bread ration      |     1 |       |       |       ||     1
       Chunk             |       |     6 |    13 |     3 ||    22
       Beef jerky        |       |       |     1 |     1 ||     2
       Pizza             |       |       |     1 |       ||     1
